 Dungeon Crawl Stone Soup version 0.32-a0-18-g89e19f1974 (webtiles) character file.

Game seed: 8588242059716164376

15219 Xavori the Nimble (level 12, -5/96 HPs)
             Began as a Djinni Chaos Knight on Jan 17, 2024.
             Was a Plaything of Xom.
             Slain by a meliai simulacrum (24 damage)
             ... on level 10 of the Dungeon.
             The game lasted 00:23:17 (14363 turns).

Xavori the Nimble (Djinni Chaos Knight)            Turns: 14363, Time: 00:23:18

Health: -5/96      AC: 10    Str: 14    XL:     12   Next: 54%
Gold:   1937       EV: 20    Int: 16    God:    Xom [..*...] SH:  0 Dex: 25

rFire   + + .        I - +2 falchion (protect)
rCold   x . .        (no shield)
rNeg    . . .        N - +0 acid dragon scales
rPois   ∞            (helmet restricted)
rElec   .            u - +2 cloak
rCorr   +            f - +0 pair of gloves
SInv    .            (boots unavailable)
Will    +....        t - amulet of regeneration
Stlth   +++          x - +6 ring of dexterity
HPRegen 1.16/turn    (no ring)
MPRegen 0.00/turn

%: infuse magic (-6 HP)
@: flying
A: sickness immunity, fire resistance 2, cold vulnerability 1, float, innate
caster, HP casting, extra vitality 1, claws 1, horns 1, thin skeletal structure
1, agile 1, deformed body, sense surroundings 1, robust 1, shaggy fur 1, strong
1, sturdy frame 1
a: Renounce Religion


You were on level 10 of the Dungeon.
You worshipped Xom.
You were a toy of Xom.
You visited 1 branch of the dungeon, and saw 10 of its levels.
You also visited: Sewer and Bailey.

You collected 2282 gold pieces.
You spent 345 gold pieces at shops.

Inventory:

Hand Weapons
 l - a +2 scimitar of holy wrath
 r - a +0 scimitar of flaming
 H - the +2 scimitar of Hepliaklqana's Favour {holy, *Rage rPois rCorr Dex+3}
   (You bought it in a shop on level 7 of the Dungeon)

   Dex+3:     It affects your dexterity (+3).
   rPois:     It protects you from poison *Rage: It berserks you when you make
   melee attacks (+20% chance).
   rCorr:     It protects you from acid and corrosion.
 I - a +2 falchion of protection (weapon)
Missiles
 b - 3 throwing nets (quivered)
Armour
 f - a +0 pair of gloves (worn)
 u - a +2 cloak (worn)
 N - +0 acid dragon scales (worn)
Jewellery
 a - the amulet of Peunuh {Faith rCorr Dex+3 Stlth-}
   (You found it in a bailey)

   [amulet of faith]

   Faith:     It allows you to gain divine favour quickly.
   Dex+3:     It affects your dexterity (+3).
   rCorr:     It protects you from acid and corrosion.
   Stlth-:    It makes you less stealthy.
 t - an amulet of regeneration (around neck)
 x - a +6 ring of dexterity (left hand)
 A - the ring "Hinant" {Fire Str+3}
   (You found it on level 6 of the Dungeon)

   [ring of fire]

   Fire:      It enhances your fire magic.
   Str+3:     It affects your strength (+3).
   rF+:       It protects you from fire.
   rC-:       It makes you vulnerable to cold.
Wands
 h - a wand of polymorph (36)
 p - a wand of digging (4)
 y - a wand of quicksilver (18)
 C - a wand of roots (6)
Scrolls
 c - a scroll of butterflies
 i - a scroll of noise {unknown}
 j - 2 scrolls of immolation
 m - 2 scrolls of poison
 n - 2 scrolls of vulnerability
 s - a scroll of enchant weapon
 v - a scroll of silence {unknown}
 B - a scroll of revelation {unknown}
 F - 3 scrolls of teleportation
 M - a scroll of fog
 O - a scroll of enchant armour
Potions
 d - a potion of brilliance {unknown}
 e - 3 potions of attraction {unknown}
 g - 2 potions of magic {unknown}
 k - 2 potions of mutation {unknown}
 o - 2 potions of invisibility {unknown}
 q - 4 potions of lignification
 z - 2 potions of enlightenment {unknown}
 D - 2 potions of haste {unknown}
 E - 2 potions of ambrosia {unknown}
 G - 3 potions of heal wounds
 J - a potion of resistance {unknown}
 K - 5 potions of might


   Skills:
 + Level 8.3 Fighting
 + Level 7.6 Long Blades
 + Level 7.8 Armour
 + Level 8.8 Dodging
 * Level 7.7 Spellcasting
 * Level 7.7 Conjurations
 * Level 7.7 Hexes
   Level 0.0 Charms
 * Level 7.7 Summonings
 * Level 7.7 Necromancy
 * Level 7.7 Translocations
   Level 0.0 Transmutations
 * Level 7.7 Fire Magic
 * Level 7.7 Ice Magic
 * Level 7.7 Air Magic
 * Level 7.7 Earth Magic
 * Level 7.7 Alchemy
 + Level 7.0 Evocations


You knew the following spells:

 Your Spells              Type           Power      Damage    Failure   Level
a - Sting                 Conj/Alch      100%       1d9       1%          1
b - Blink                 Tloc           62%        N/A       1%          2
c - Frozen Ramparts       Ice            62%        1d10      1%          3
d - Anguish               Hex/Necr       15%        N/A       5%          4
e - Summon Forest         Summ/Tloc      15%        N/A       14%         5
Your spell library was empty.

Dungeon Overview and Level Annotations

Branches:
Dungeon (10/15)            Temple (0/1) D:5            Lair (0/5) D:10
  Sewer (visited)          Bailey (visited)
    Orc: D:9-12

Altars:
Ashenzari
Dithmenos
Elyvilon
Gozag
Hepliaklqana
Okawaru
Uskayaw
Wu Jian
Xom
Zin

Shops:
D:2 :   D:5 (   D:7 (

Annotations:
D:8 3 runed translucent doors, Hellonello's ghost, novice OpSh


Innate Abilities, Weirdness & Mutations

You are immune to sickness and miasma.
You are immune to poison.
Your flesh is very heat resistant. (rF++)
You are vulnerable to cold. (rC-)
You float through the air rather than walking.
You learn spells naturally, not from books.
Your magical power is your life essence.
You have superior vitality. (+4 MHP)
You have sharp fingernails.
You have a pair of small horns on your head.
You have a somewhat thin skeletal structure. (Dex +2, Stealth+)
You are agile. (Dex +4, Str/Int -1)
Armour fits poorly on your strangely shaped body.
You passively map a small area around you.
You are robust. (+10% HP)
You are covered in fur. (AC +1)
Your muscles are strong. (Str +4, Int/Dex -1)
Your movements are slightly less encumbered by armour. (ER -2)


Message History

HP restored.
You fly downwards.
Xom's power flows through you!
The wyvern easily resists.
The meliai simulacrum is unaffected.
The centaur warrior easily resists.
The meliai simulacrum barely misses you. x2
The centaur warrior shoots an arrow.
The arrow hits you!
The meliai simulacrum closely misses you.
The meliai simulacrum hits you but does no damage.
The centaur warrior shoots an arrow.
The arrow barely misses you.
The meliai simulacrum barely misses you.
The meliai simulacrum misses you.
There is a stone staircase leading up here.
Unknown command.
The meliai simulacrum completely misses you. x2
The centaur warrior shoots an arrow.
The arrow barely misses you. The wyvern closely misses you.
The meliai simulacrum completely misses you. x2
You fly upwards.
There is a stone staircase leading down here.
Unknown command.
You fly downwards.
The centaur warrior shoots an arrow.
The arrow hits you!
The meliai simulacrum barely misses you. x2
The wyvern bites you!
The centaur warrior shoots an arrow.
The arrow barely misses you.
The meliai simulacrum barely misses you.
The meliai simulacrum misses you. The wyvern barely misses you.
The centaur warrior shoots an arrow.
The arrow hits you!! The arrow burns you.
There is a stone staircase leading up here.
Unknown command.
The meliai simulacrum hits you. The meliai simulacrum freezes you!
You feel a terrible chill!
Xom thinks this is hilarious!
* * * LOW HITPOINT WARNING * * *
The meliai simulacrum misses you. The wyvern closely misses you.
The meliai simulacrum hits you.
* * * LOW HITPOINT WARNING * * *
The meliai simulacrum freezes you!!
You feel a terrible chill!
You die...
Xom is highly amused!

........####....#
# , .....#.
##..## , *
....... ####
.......###### ,
.......#)(..## #
.............# #
....c......### #
.......k#### # ,,
......Z@#
.......## , ,
......# *#.#..# #
### ,


You could see a centaur warrior, a wyvern and a meliai simulacrum.

Vanquished Creatures
  Erica (D:8)
  5 two-headed ogres
  A cyclops (D:10)
  A gargoyle (D:10)
  A komodo dragon (D:10)
  A troll (D:10)
  2 hornets
  Grinder (D:3)
  11 yaks
  2 wyverns
  A shadow (D:10)
  3 steam dragons
  A vampire mosquito (D:10)
  5 orc warriors
  An ice beast (D:5)
  2 sky beasts (D:7)
  2 centaurs
  4 kobold brigands
  2 gnoll sergeants
  A bullfrog (D:8)
  20 wights
  8 killer bees
  3 howler monkeys
  2 bombardier beetles
  4 hounds
  A jelly (D:6)
  7 orc priests
  3 gnoll boudas
  A sleepcap (D:7)
  Jessica (D:2)
  Terence (D:2)
  10 orc wizards
  4 iguanas
  18 gnolls
  12 adders
  13 river rats (Sewer)
  A shadow imp (D:4)
  A white imp (D:7)
  6 ufetubi
  2 dart slugs (D:2)
  A ribbon worm (D:3)
  41 orcs
  7 ball pythons
  3 bats
  6 endoplasms
  8 giant cockroaches
  9 goblins
  7 hobgoblins
  2 jackals (D:5)
  3 quokkas (D:2)
  4 frilled lizards
  22 kobolds
  22 rats
301 creatures vanquished.

Vanquished Creatures (collateral kills)
  A boulder beetle (D:8)
  A two-headed ogre (D:10)
  An orc knight (Bailey)
  A deep elf pyromancer (Bailey)
  Maurice (D:7)
  Sigmund (D:2)
  An acid dragon (D:8)
  Duvessa (D:4)
  7 orc warriors
  2 wights (D:8)
  Dowan (D:4)
  A jelly (D:7)
  An orc priest (D:8)
  5 orcs
  A jackal (D:5)
  A kobold (D:3)
27 creatures vanquished.

Vanquished Creatures (others)
  A wyvern (D:9)
  A scorpion (D:5)
  A gnoll bouda (D:9)
  2 kobolds (D:5)
  A hobgoblin zombie (D:3)
6 creatures vanquished.

Grand Total: 334 creatures vanquished

Notes
Turn   | Place    | Note
-------+----------+-------------------------------------------
     0 | D:1      | Xavori the Djinni Chaos Knight began the quest for the Orb.
     0 | D:1      | Reached XP level 1. HP: 20/20 MP: 0/0
     4 | D:1      | XOM: silly message
   105 | D:1      | XOM: divination: detect creatures
   186 | D:1      | XOM: divination: magic mapping
   534 | D:1      | XOM: summons 1 hostile demon
   588 | D:1      | Reached XP level 2. HP: 25/25 MP: 0/0
   735 | D:1      | XOM: god gift: 526 gold pieces
   846 | D:1      | XOM: give mutations
   846 | D:1      | Gained mutation: Your flesh is almost immune to the effects
                  | of heat. (rF+++) [Xom's grace]
   846 | D:1      | Gained mutation: You have sharp fingernails. [Xom's grace]
   846 | D:1      | Gained mutation: You possess an exceptional clarity of
                  | mind. [Xom's grace]
   846 | D:1      | Gained mutation: Your movements are slightly less
                  | encumbered by armour. (ER -2) [Xom's grace]
   971 | D:1      | XOM: give mutations
   971 | D:1      | Gained mutation: You have a pair of small horns on your
                  | head. [Xom's grace]
   971 | D:1      | Gained mutation: You expend health (3 HP) to strengthen
                  | your wands. [Xom's grace]
  1179 | D:1      | XOM is BORED!
  1179 | D:1      | XOM: stat loss: -3 Dex (9/12)
  1224 | D:1      | XOM: god gift: 48 gold pieces
  1231 | D:1      | XOM: noise
  1667 | D:1      | XOM: cloud trail
  1914 | D:1      | XOM: god gift: trident {god gift}
  2039 | D:1      | XOM: noise
  2200 | D:1      | XOM: noise
  2371 | D:1      | XOM: cloud trail
  2464 | D:1      | XOM: silly message
  2594 | D:1      | XOM: divination: detect items
  3008 | D:1      | XOM: noise
  3145 | D:1      | XOM: silly message
  3477 | D:1      | XOM is BORED!
  4561 | D:1      | XOM: noise
  4994 | D:1      | XOM: give mutation
  4994 | D:1      | Lost mutation: You expend health (3 HP) to strengthen your
                  | wands. [Xom's mischief]
  5259 | D:1      | XOM is BORED!
  5259 | D:1      | XOM: draining
  5544 | D:1      | XOM: give mutations
  5544 | D:1      | Lost mutation: You have a pair of small horns on your head.
                  | [Xom's mischief]
  5544 | D:1      | Gained mutation: You have a somewhat thin skeletal
                  | structure. (Dex +2, Stealth+) [Xom's mischief]
  5754 | D:2      | Noticed Terence
  5766 | D:2      | Killed Terence
  5767 | D:2      | Reached skill level 1 in Spellcasting
  5767 | D:2      | Reached skill level 1 in Conjurations
  5767 | D:2      | Reached skill level 1 in Hexes
  5767 | D:2      | Reached skill level 1 in Summonings
  5767 | D:2      | Reached skill level 1 in Necromancy
  5767 | D:2      | Reached skill level 1 in Translocations
  5767 | D:2      | Reached skill level 1 in Fire Magic
  5767 | D:2      | Reached skill level 1 in Ice Magic
  5767 | D:2      | Reached skill level 1 in Air Magic
  5767 | D:2      | Reached skill level 1 in Earth Magic
  5767 | D:2      | Reached skill level 1 in Alchemy
  5767 | D:2      | Reached XP level 3. HP: 22/30 MP: 0/0
  5767 | D:2      | Learned a level 1 spell: Sting
  5850 | D:2      | Reached XP level 4. HP: 35/35 MP: 0/0
  6039 | D:2      | Found an ornate altar of the Wu Jian Council.
  6208 | D:2      | Noticed Jessica
  6208 | D:2      | XOM: 4-stop teleportation journey
  6209 | D:2      | You are sucked into a shaft and drop 2 floors!
  6250 | D:3      | Noticed Grinder
  6255 | D:3      | Paralysed by Grinder for 3 turns
  6258 | D:3      | XOM: summons 3 hostile demons
  6272 | D:3      | XOM: stat loss: -1 Str (10/11)
  6327 | D:4      | XOM: give mutations
  6327 | D:4      | Gained mutation: You are agile. (Dex +4, Str/Int -1) [Xom's
                  | grace]
  6327 | D:4      | Gained mutation: You are robust. (+10% HP) [Xom's grace]
  6327 | D:4      | Gained mutation: Your spells are a little harder to cast,
                  | but a little more powerful. [Xom's grace]
  6327 | D:4      | Gained mutation: You are covered in fur. (AC +1) [Xom's
                  | grace]
  6403 | D:4      | XOM: give mutation
  6403 | D:4      | Gained mutation: You passively map a small area around you.
                  | [Xom's grace]
  6417 | D:3      | Reached XP level 5. HP: 24/44 MP: 0/0
  6417 | D:3      | Learned a level 2 spell: Blink
  6507 | D:4      | XOM: torment (17/44 hp)
  6625 | D:3      | XOM: summons 2 friendly demons
  6660 | D:3      | Paralysed by Grinder for 3 turns
  6662 | D:3      | XOM: divine lightning
  6664 | D:3      | Killed Grinder
  6665 | D:3      | Reached XP level 6. HP: 13/51 MP: 0/0
  6852 | D:3      | XOM: fake destruction
  6996 | D:3      | Found a faded altar of an unknown god.
  6999 | D:3      | XOM: 1-stop teleportation journey
  7033 | D:3      | Found a glowing silver altar of Zin.
  7057 | D:3      | Found a shimmering altar of Xom.
  7191 | D:3      | XOM: summons 4 hostile demons
  7334 | D:3      | Found a hazy altar of Hepliaklqana.
  7334 | D:3      | Found an opulent altar of Gozag.
  7335 | D:3      | Found a shadowy altar of Dithmenos.
  7400 | D:2      | Killed Jessica
  7401 | D:2      | Reached XP level 7. HP: 56/56 MP: 0/0
  7401 | D:2      | Learned a level 3 spell: Frozen Ramparts
  7547 | D:2      | Noticed Sigmund
  7555 | D:2      | Killed Sigmund
  7587 | D:2      | Found Joit's Book Boutique.
  7641 | D:2      | XOM: noise
  7735 | D:4      | Noticed Eustachio
  7749 | D:4      | Eustachio changed into Eustachio the frilled lizard
  7749 | D:4      | Noticed Eustachio
  7751 | D:4      | Killed Eustachio the frilled lizard
  7959 | D:4      | Found a white marble altar of Elyvilon.
  8168 | D:4      | XOM: divination: magic mapping
  8536 | D:4      | Reached XP level 8. HP: 63/63 MP: 0/0
  8549 | D:4      | Noticed Duvessa
  8549 | D:4      | Noticed Dowan
  8550 | D:4      | XOM: cast spell 'Summon Horrible Things'
  8552 | D:4      | Killed Dowan
  8558 | D:4      | Killed Duvessa
  8559 | D:4      | Reached skill level 1 in Evocations
  8707 | D:5      | Entered Level 5 of the Dungeon
  8707 | D:5      | Found Olabipi's Weapon Shoppe.
  8822 | D:5      | XOM: blink monster(s)
  8825 | D:5      | XOM: destruction
  8855 | D:5      | Found a staircase to the Ecumenical Temple.
  8893 | D:5      | XOM: summons 5 hostile demons
  9039 | D:5      | XOM: blink monster(s)
  9070 | D:5      | XOM: give mutations
  9070 | D:5      | Lost mutation: Your flesh is almost immune to the effects
                  | of heat. (rF+++) [Xom's mischief]
  9070 | D:5      | Lost mutation: You possess an exceptional clarity of mind.
                  | [Xom's mischief]
  9070 | D:5      | Lost mutation: Your spells are a little harder to cast, but
                  | a little more powerful. [Xom's mischief]
  9070 | D:5      | Gained mutation: Armour fits poorly on your strangely
                  | shaped body. [Xom's mischief]
  9276 | D:5      | XOM: summons 3 hostile demons
  9314 | D:5      | Found a hide-covered altar of Uskayaw.
  9441 | D:5      | Reached skill level 5 in Fighting
  9503 | D:6      | Identified the ring "Hinant" {Fire Str+3}
  9514 | D:6      | XOM: draining
  9524 | D:6      | Reached skill level 5 in Dodging
  9524 | D:6      | Reached XP level 9. HP: 60/68 MP: 0/0
  9524 | D:6      | Learned a level 4 spell: Anguish
  9551 | D:6      | XOM: 5-stop teleportation journey
  9885 | D:6      | Found a glowing drain.
  9885 | D:6      | XOM: summons 3 hostile shadow creatures
  9920 | Sewer    | Entered a sewer
 10072 | Sewer    | XOM: enchant monster (good)
 10758 | D:6      | XOM: summons 5 hostile demons
 10937 | D:7      | Found Zyfel's Antique Weapon Emporium.
 10945 | D:7      | Bought a shimmering scimitar for 207 gold pieces
 10945 | D:7      | Identified the +2 scimitar of Hepliaklqana's Favour {holy,
                  | *Rage rPois rCorr Dex+3} (You bought it in a shop on level
                  | 7 of the Dungeon)
 10945 | D:7      | Bought a runed falchion for 138 gold pieces
 11001 | D:7      | Reached skill level 5 in Long Blades
 11041 | D:7      | XOM: enchant monster (bad)
 11096 | D:7      | Found a flagged portal.
 11099 | D:7      | XOM: scenery: summon butterflies
 11118 | Bailey   | Entered a bailey
 11158 | Bailey   | Found a large runed translucent door.
 11158 | Bailey   | Found a large runed translucent door.
 11159 | Bailey   | Noticed an orc knight
 11159 | Bailey   | Noticed a deep elf pyromancer
 11170 | Bailey   | XOM: god gift: book of Debilitation
 11180 | Bailey   | Killed an orc knight
 11181 | Bailey   | Reached skill level 5 in Armour
 11181 | Bailey   | Reached skill level 5 in Spellcasting
 11181 | Bailey   | Reached skill level 5 in Conjurations
 11181 | Bailey   | Reached skill level 5 in Hexes
 11181 | Bailey   | Reached skill level 5 in Summonings
 11181 | Bailey   | Reached skill level 5 in Necromancy
 11181 | Bailey   | Reached skill level 5 in Translocations
 11181 | Bailey   | Reached skill level 5 in Fire Magic
 11181 | Bailey   | Reached skill level 5 in Ice Magic
 11181 | Bailey   | Reached skill level 5 in Air Magic
 11181 | Bailey   | Reached skill level 5 in Earth Magic
 11181 | Bailey   | Reached skill level 5 in Alchemy
 11181 | Bailey   | Reached XP level 10. HP: 53/79 MP: 0/0
 11211 | Bailey   | Killed a deep elf pyromancer
 11238 | Bailey   | Identified the amulet of Peunuh {Faith rCorr Dex+3 Stlth-}
 11349 | D:7      | XOM: god gift: wand of paralysis (5)
 11531 | D:7      | XOM: summons 6 friendly demons
 11600 | D:7      | Noticed Maurice
 11603 | D:7      | XOM: potion effect (invisibility)
 11605 | D:7      | XOM: summons 4 friendly demons
 11616 | D:7      | Killed Maurice
 11958 | D:7      | Found a broken altar of Ashenzari.
 12162 | D:8      | Found an iron altar of Okawaru.
 12216 | D:8      | Reached skill level 5 in Evocations
 12223 | D:8      | Noticed Erica
 12276 | D:8      | Killed Erica
 12277 | D:8      | Reached XP level 11. HP: 66/85 MP: 0/0
 12277 | D:8      | Learned a level 5 spell: Summon Forest
 12347 | D:8      | XOM: scenery: summon butterflies
 12357 | D:8      | XOM: god gift: 1004 gold pieces
 12478 | D:8      | Noticed a boulder beetle
 12494 | D:8      | XOM: scenery: 1 doors close
 12555 | D:8      | XOM: cleaving
 12583 | D:8      | XOM: god gift: book of the Senses
 12597 | D:8      | XOM: noise
 12655 | D:8      | XOM: polymorph sky beast -> giant cockroach
 12702 | D:8      | Found a runed translucent gate.
 12702 | D:8      | Found a runed translucent gate.
 12702 | D:8      | Found a runed translucent gate.
 12703 | D:8      | Found an opulent altar of Gozag.
 12704 | D:8      | Noticed Hellonello's ghost (novice OpSh)
 12704 | D:8      | Noticed a meliai
 12705 | D:8      | Noticed a two-headed ogre
 12773 | D:8      | XOM: summons 6 friendly demons
 12785 | D:8      | Killed a boulder beetle
 13157 | D:9      | XOM: summons friendly shadow imp
 13175 | D:9      | XOM: destruction
 13191 | D:9      | XOM: divination: detect items
 13228 | D:9      | XOM: divination: detect items
 13230 | D:9      | XOM: 7-stop teleportation journey
 13287 | D:9      | Noticed a two-headed ogre
 13296 | D:9      | Killed a two-headed ogre
 13696 | D:10     | XOM: stealth player
 13696 | D:10     | Entered Level 10 of the Dungeon
 13739 | D:10     | Found a staircase to the Lair.
 13740 | D:10     | Noticed a boulder beetle
 13743 | D:10     | XOM: confusion (+ monsters)
 13746 | D:10     | XOM: chaos upgrade
 13748 | D:10     | XOM: blink monster(s)
 13774 | D:10     | XOM: summons 3 hostile shadow creatures
 13779 | D:10     | XOM: swap monsters
 13780 | D:10     | XOM: destruction
 13781 | D:10     | XOM: polymorph troll -> steam dragon
 13781 | D:10     | Noticed a two-headed ogre
 13785 | D:10     | XOM: cast spell 'Olgreb's Toxic Radiance'
 13816 | D:10     | XOM: noise
 13830 | D:10     | Noticed a two-headed ogre
 13845 | D:10     | Killed a two-headed ogre
 13854 | D:10     | Reached XP level 12. HP: 46/94 MP: 0/0
 13902 | D:10     | Noticed a two-headed ogre
 13909 | D:10     | XOM: cleaving
 13910 | D:10     | XOM: enchant monster (bad)
 13912 | D:10     | XOM: swap monsters
 13920 | D:10     | Killed a two-headed ogre
 13991 | D:10     | Noticed a two-headed ogre
 14006 | D:10     | XOM: noise
 14010 | D:10     | XOM: cast spell 'Iskenderun's Battlesphere'
 14014 | D:10     | Killed a two-headed ogre
 14037 | D:10     | XOM: scenery: create altars
 14050 | D:10     | Killed a two-headed ogre
 14172 | D:10     | Noticed a two-headed ogre
 14179 | D:10     | Noticed an occultist
 14182 | D:10     | Killed a two-headed ogre
 14185 | D:10     | XOM: fake destruction
 14280 | D:9      | XOM: give mutations
 14280 | D:9      | Gained mutation: You have a pair of small horns on your
                  | head. [Xom's grace]
 14280 | D:9      | Gained mutation: Your muscles are strong. (Str +4, Int/Dex
                  | -1) [Xom's grace]
 14284 | D:10     | XOM: divine lightning
 14290 | D:10     | Noticed a centaur warrior
 14358 | D:10     | XOM: cast spell 'Cause Fear'
 14363 | D:10     | Slain by a meliai simulacrum

Illustrated notes

Levels and vault maps discovered:
D:1:      grunt_arrival_crossed_arrows, layout_basic, nicolae_eternal_life,
          st_stairs_6
D:2:      layout_basic, basic_altar, serial_shops, shop, minmay_misc_feat_rows,
          chequers_serial_rivers_marsh, minmay_misc_feat_enclosed, minivault_26,
          uniq_sigmund, uniq_jessica, uniq_terence
D:3:      layout_basic, nicolae_overflow_ecumenical_swirl, lemuel_tele_altar,
          gammafunk_temple_overflow_claw, minmay_liquid_box,
          minmay_misc_feat_room, uniq_grinder
D:4:      layout_gridville, elyvilon_altar_3, uniq_duvessa, uniq_eustachio
D:5:      layout_rooms, nicolae_uskayaw_suspiria,
          minmay_temple_entry_statues_fountains, serial_shops, shop_coins,
          st_stairs_1
D:6:      layout_layer_cave, gup_sewer_entry_glass
D:7:      layout_loops_corners, lemuel_coloured_pillars_altar, enter_bailey_4,
          serial_shops, shop, uniq_maurice
D:8:      layout_basic, kennysheep_mini, ebering_ghost_gozag, uniq_erica
D:9:      layout_rooms
D:10:     minmay_the_grid_octo_tiled_octocenter [minmay_the_grid_octo_empty,
          minmay_the_grid_octo_checkered, minmay_the_grid_octo_thin_diamonds,
          minmay_the_grid_octo_toaster, minmay_the_grid_octo_prize_big_c,
          minmay_the_grid_square_5x5_six_small, minmay_the_grid_square_5x5_meh,
          minmay_the_grid_square_5x5_spiral_small,
          minmay_the_grid_square_5x5_beaten_path], layout_cave_pools,
          dpeg_oklobed_lair, minmay_misc_feat_columns, onia_ninara_cookie

Skill      XL: |  1  2  3  4  5  6  7  8  9 10 11 12 |
---------------+-------------------------------------+-----
Spellcasting   | 1 2 3 4 5 6 7 |  7.7
Conjurations   | 1 2 3 4 5 6 7 |  7.7
Hexes          | 1 2 3 4 5 6 7 |  7.7
Summonings     | 1 2 3 4 5 6 7 |  7.7
Necromancy     | 1 2 3 4 5 6 7 |  7.7
Translocations | 1 2 3 4 5 6 7 |  7.7
Fire Magic     | 1 2 3 4 5 6 7 |  7.7
Ice Magic      | 1 2 3 4 5 6 7 |  7.7
Air Magic      | 1 2 3 4 5 6 7 |  7.7
Earth Magic    | 1 2 3 4 5 6 7 |  7.7
Alchemy        | 1 2 3 4 5 6 7 |  7.7
Long Blades    | 3 4 5 6 7 |  7.6
Armour         | 2 3 4 5 6 7 |  7.8
Dodging        | 3 4 5 6 7 8 |  8.8
Fighting       | 4 5 6 7 8 |  8.3
Evocations     | 2 3 5 6 7 |  7.0

Action                     |  1- 3 |  4- 6 |  7- 9 | 10-12 || total
---------------------------+-------+-------+-------+-------++-------
  Melee: Falchion          |    37 |   114 |   412 |   451 ||  1014
         Punch             |     2 |       |     5 |     6 ||    13
         Unarmed           |       |    25 |       |       ||    25
         Scimitar          |       |       |       |    10 ||    10
         Headbutt          |       |       |       |     3 ||     3
   Cast: Frozen Ramparts   |       |       |    18 |    32 ||    50
         Anguish           |       |       |       |     1 ||     1
         Sting             |       |       |       |     7 ||     7
         Summon Forest     |       |       |       |     1 ||     1
  Evoke: Wand              |       |       |       |    15 ||    15
    Use: Potion            |       |     2 |       |     1 ||     3
         Scroll            |       |       |     6 |     5 ||    11
   Stab: Confused          |     1 |       |       |       ||     1
         Sleeping          |     1 |     5 |     9 |     1 ||    16
         Distracted        |       |     1 |       |     1 ||     2
         Paralysed         |       |     1 |     2 |     9 ||    12
 Armour: Leather armour    |    17 |    87 |   294 |    84 ||   482
         Skin              |       |     7 |       |       ||     7
         Acid dragon scale |       |       |       |   191 ||   191
  Dodge: Dodged            |    19 |   125 |   584 |   489 ||  1217

Table legend: (Time is in decaauts)
 A = Elapsed time spent in this place.
 B = Non-inter-level travel time spent in this place.
 C = Inter-level travel time spent in this place.
 D = Time resting spent in this place.
 E = Time spent auto-exploring this place.
 F = Levels seen in this place.
 G = Mean time per level.
                   A        B        C        D        E       F      G
               +--------+--------+--------+--------+--------+-----+--------+
         Total |  14408 |  14128 |    280 |   5609 |   5444 |  12 | 1200.7 |
       Dungeon |  13818 |  13538 |    280 |   5609 |   5138 |  10 | 1381.8 |
         Sewer |    366 |    366 |      0 |      0 |    188 |   1 |  366.0 |
        Bailey |    223 |    223 |      0 |      0 |    118 |   1 |  223.0 |
               +--------+--------+--------+--------+--------+-----+--------+

Top non-repeatable levels by time:
     D:1: 5737 daAuts
     D:4: 1374 daAuts
     D:7: 1057 daAuts
     D:6: 1053 daAuts
     D:8: 982 daAuts
     D:3: 892 daAuts
     D:2: 805 daAuts
     D:9: 759 daAuts
     D:5: 702 daAuts
    D:10: 454 daAuts
   Sewer: 366 daAuts
  Bailey: 223 daAuts
